 Dungeon Crawl Stone Soup version 0.20.1-1-g8b1a95d (webtiles) character file.

2592 zyrda the Carver (level 9, -40/102 HPs)
             Began as a Demonspawn Berserker on Aug 8, 2017.
             Was an Elder of Trog.
             Annihilated by a titanic slime creature (77 damage)
             ... on level 8 of the Dungeon.
             The game lasted 00:38:18 (7235 turns).

zyrda the Carver (Demonspawn Berserker)             Turns: 7235, Time: 00:38:19

Health: -40/102    AC: 12    Str: 23    XL:     9   Next: 33%
Magic:  8/8        EV: 13    Int: 11    God:    Trog [****..]
Gold:   394        SH:  0    Dex: 17    Spells: 8/8 levels left

rFire    . . .     SeeInvis .   F - +0 triple sword (drain)
rCold    . . .     Gourm    .   (shield currently unavailable)
rNeg     + . .     Faith    .   A - +0 chain mail of Pan-Flutes {rElec rN+}
rPois    .         Spirit   .   (helmet restricted)
rElec    +         Reflect  .   G - -1 cloak (curse)
rCorr    .         Harm     .   n - +0 pair of gloves
MR       +....                  x - +2 pair of boots {Fly}
Stlth    ..........             (no amulet)
Regen    0.3/turn               (no ring)
MPRegen  0.2/turn               (no ring)

@: berserking, flying, repel missiles, very quick
A: antennae 1, repulsion field 3, agile 1, clever 1, demonic guardian 2, low mp
1, magic resistance 1, screaming 1
a: Berserk, Trog's Hand, Brothers in Arms, Burn Spellbooks, Renounce Religion


You were on level 8 of the Dungeon.
You worshipped Trog.
Trog was greatly pleased with you.
You were hungry.

You visited 1 branch of the dungeon, and saw 8 of its levels.

You collected 394 gold pieces.

Inventory:

Hand Weapons
 b - a +0 great sword of protection
 E - a +1 scimitar
 F - a +0 triple sword of draining (weapon)
Armour
 n - a +0 pair of gloves (worn)
 x - a +2 pair of boots of flying (worn)
 A - the +0 chain mail of Pan-Flutes (worn) {rElec rN+}
   (You found it on level 5 of the Dungeon)

   It insulates you from electricity.
   It protects you from negative energy.
 G - a cursed -1 cloak (worn)
Jewellery
 z - an uncursed ring of ice
Wands
 s - a wand of polymorph (8/24)
Scrolls
 a - a scroll of noise {unknown}
 d - 13 scrolls of identify
 e - 3 scrolls of enchant weapon
 f - a scroll of summoning {unknown}
 k - 2 scrolls of teleportation {unknown}
 m - 2 scrolls of recharging {unknown}
 o - a scroll of magic mapping {unknown}
 p - a scroll of random uselessness {unknown}
 v - 3 scrolls of enchant armour {unknown}
 y - 4 scrolls of fog {unknown}
 H - a scroll of remove curse
Potions
 i - 3 potions of curing
 l - a potion of flight
 q - 3 potions of haste
 r - a potion of degeneration {unknown}
 t - a potion of mutation {unknown}
 u - 2 potions of might {unknown}
 w - 2 potions of cancellation {unknown}
 D - a potion of heal wounds
Books
 B - a book of Geomancy

   Spells                             Type                      Level
   a - Sandblast                      Earth                        1
   b - Passwall                       Transmutation/Earth          2
   c - Stone Arrow                    Conjuration/Earth            3
   d - Petrify                        Transmutation/Earth          4
   e - Lee's Rapid Deconstruction     Earth                        5
   Trog disapproves of the use of such an item.
Comestibles
 c - 9 fruits
 h - a bread ration
 j - 4 meat rations
 C - a royal jelly


   Skills:
 + Level 5.3 Fighting
 - Level 11.1 Long Blades
 - Level 1.7 Armour
 - Level 2.0 Dodging


You had 8 spell levels left.
You didn't know any spells.

Dungeon Overview and Level Annotations

Branches:
Dungeon (8/15)             Temple (0/1) D:7
   Lair: D:8-11

Altars:
Ashenzari
Dithmenos
Makhleb
Nemelex Xobeh
Ru
Sif Muna
Zin

Shops:
D:8 (


Innate Abilities, Weirdness & Mutations

You have a pair of small antennae on your head.
You are surrounded by a strong repulsion field. (EV +4, RMsl)
A demonic guardian rushes to your aid.
You are agile. (Dex +2)
Your mind is acute. (Int +2)
Your magical capacity is low. (-10% MP)
You are resistant to hostile enchantments. (MR+)
You occasionally shout uncontrollably at your foes.


Message History

The titanic slime creature is moderately wounded.
You slash the titanic slime creature!
The titanic slime creature is moderately wounded.
Your orange demon stings the titanic slime creature from afar.
Your chain mail of Pan-Flutes prevents you from hitting the titanic slime creature.
The titanic slime creature is moderately wounded.
Your orange demon stings the titanic slime creature from afar.
The titanic slime creature hits you but does no damage.
All of the chunks of flesh in your inventory have rotted away.
You slice the titanic slime creature!!
The titanic slime creature is moderately wounded.
Your orange demon stings the titanic slime creature from afar.
The titanic slime creature hits you!!!
Ouch! That really hurt!
You slice the titanic slime creature!!
The titanic slime creature is heavily wounded.
Your orange demon stings the titanic slime creature from afar.
The titanic slime creature hits you!!!!
Ouch! That really hurt!
You die...

#... .. #...
....... ###...
....... .....
##....... .
....#......... ..
#.... ....... ..
# ##..##o......
..
....#....#JJ.....
#....4@##
#...##...# #...#
##..## #...#
##..## # ...#
#...#### ## ...
#......### ##. ..
#........### #..
#..........## #..
##...........#
#..


You could see a titanic slime creature, a slime creature, an orc and a friendly
orange demon.

Vanquished Creatures
  The ghost of OneorTwo the Chiller, a novice MfIE (D:4)
  Sigmund (D:5)
  Menkaure (D:6)
  An orc warrior (D:7)
  An ice beast (D:5)
  A phantom (D:7)
  A sky beast (D:7)
  3 ogres
  A necrophage (D:7)
  A centaur (D:5)
  A big kobold (D:6)
  A bullfrog (D:6)
  3 howler monkeys
  2 crimson imps (D:5)
  A bullfrog zombie (D:5)
  An orc priest (D:7)
  2 hounds (D:5)
  An orc wizard (D:7)
  A bullfrog skeleton (D:5)
  Jessica (D:3)
  2 iguanas
  3 worker ants
  5 adders
  2 shadow imps
  An adder zombie (D:6)
  An ooze (D:2)
  An adder skeleton (D:6)
  2 worms
  6 leopard geckos
  10 orcs
  2 ball pythons
  6 bats
  8 giant cockroaches
  5 goblins
  6 hobgoblins
  11 jackals
  15 kobolds
  3 quokkas
  4 frilled lizards
  A leopard gecko skeleton (D:5)
  10 rats
130 creatures vanquished.

Vanquished Creatures (collateral kills)
  Pikel (D:8)
  3 slaves (D:8)
  An ogre (D:7)
  A phantom (D:7)
  An orc wizard (D:4)
  A leopard gecko (D:5)
  An orc (D:4)
9 creatures vanquished.

Grand Total: 139 creatures vanquished

Notes
Turn   | Place    | Note
-------+----------+-------------------------------------------
     0 | D:1      | zyrda the Demonspawn Berserker began the quest for the Orb.
     0 | D:1      | Reached XP level 1. HP: 18/18 MP: 1/1
   429 | D:1      | Gained mutation: You have a pair of small antennae on your head. [demonic ancestry]
   429 | D:1      | Reached XP level 2. HP: 13/24 MP: 2/2
   897 | D:1      | Reached skill level 3 in Long Blades
  2184 | D:2      | Gained mutation: A weak demonic guardian rushes to your aid. [demonic ancestry]
  2184 | D:2      | Reached XP level 3. HP: 26/29 MP: 3/3
  2196 | D:2      | Found a sparkling altar of Nemelex Xobeh.
  2202 | D:2      | Reached ** piety under Trog
  2437 | D:2      | Found a shadowy altar of Dithmenos.
  2477 | D:2      | Found a shattered altar of Ashenzari.
  2754 | D:3      | Reached skill level 4 in Long Blades
  2859 | D:3      | Gained mutation: You are surrounded by a mild repulsion field. (EV +2) [demonic ancestry]
  2859 | D:3      | Reached XP level 4. HP: 32/35 MP: 4/4
  2894 | D:3      | Reached *** piety under Trog
  2945 | D:3      | Noticed Jessica
  2951 | D:3      | Killed Jessica
  3038 | D:3      | Found a deep blue altar of Sif Muna.
  3442 | D:4      | Noticed an ogre
  3452 | D:4      | Killed an ogre
  3452 | D:4      | Reached skill level 5 in Long Blades
  3452 | D:4      | Reached XP level 5. HP: 40/41 MP: 5/5
  3624 | D:4      | Noticed OneorTwo's ghost (novice MfIE)
  3638 | D:4      | Killed OneorTwo's ghost
  3638 | D:4      | Reached skill level 7 in Long Blades
  3638 | D:4      | Gained mutation: You are surrounded by a moderate repulsion field. (EV +3) [demonic ancestry]
  3638 | D:4      | Reached XP level 6. HP: 25/47 MP: 6/6
  3747 | D:4      | Reached XP level 7. HP: 38/52 MP: 7/7
  4017 | D:5      | Entered Level 5 of the Dungeon
  4038 | D:5      | Noticed Sigmund
  4046 | D:5      | Killed Sigmund
  4052 | D:5      | Reached skill level 8 in Long Blades
  4196 | D:5      | Found a burning altar of Makhleb.
  4200 | D:5      | Found a glowing silver altar of Zin.
  4201 | D:5      | Noticed an angel
  4201 | D:5      | Noticed an Executioner
  4396 | D:5      | Got a transparent chain mail
  4423 | D:5      | Identified the +0 chain mail of Pan-Flutes {rElec rN+} (You found it on level 5 of the Dungeon)
  4640 | D:5      | Gained mutation: A demonic guardian rushes to your aid. [demonic ancestry]
  4640 | D:5      | Reached XP level 8. HP: 43/58 MP: 8/8
  4776 | D:5      | Reached skill level 9 in Long Blades
  4812 | D:5      | Found a sacrificial altar of Ru.
  5299 | D:6      | Noticed Menkaure
  5311 | D:6      | Killed Menkaure
  5311 | D:6      | Reached **** piety under Trog
  5505 | D:6      | Reached skill level 10 in Long Blades
  6154 | D:7      | Found a staircase to the Ecumenical Temple.
  6257 | D:7      | Gained mutation: You are agile. (Dex +2) [mutagenic meat]
  6258 | D:7      | Gained mutation: You are resistant to hostile enchantments. (MR+) [mutagenic meat]
  6259 | D:7      | Gained mutation: You occasionally shout uncontrollably at your foes. [mutagenic meat]
  6260 | D:7      | Gained mutation: Your mind is acute. (Int +2) [mutagenic meat]
  6261 | D:7      | Gained mutation: Your magical capacity is low. (-10% MP) [mutagenic meat]
  6328 | D:7      | Gained mutation: You are surrounded by a strong repulsion field. (EV +4, RMsl) [demonic ancestry]
  6328 | D:7      | Reached XP level 9. HP: 40/64 MP: 8/8
  6359 | D:7      | Reached skill level 11 in Long Blades
  6993 | D:8      | Noticed Pikel
  7014 | D:8      | Killed Pikel
  7014 | D:8      | Reached skill level 5 in Fighting
  7052 | D:8      | Found Colaest's Antique Weapon Emporium.
  7235 | D:8      | Annihilated by a titanic slime creature

Skill      XL: |  1  2  3  4  5  6  7  8  9 |
---------------+----------------------------+-----
Dodging        | 2 |  2.0
Long Blades    | 3 4 5 7 8 10 11 | 11.1
Fighting       | 5 |  5.3
Armour         | |  1.7

Action                   |  1- 3 |  4- 6 |  7- 9 || total
-------------------------+-------+-------+-------++-------
Melee: Falchion          |    73 |       |       ||    73
       Long sword        |    52 |    65 |   238 ||   355
       Scimitar          |       |       |    68 ||    68
       Great sword       |       |       |    15 ||    15
       Triple sword      |       |       |     5 ||     5
Invok: Berserk           |       |     2 |     4 ||     6
  Use: Potion            |     4 |       |       ||     4
       Scroll            |       |       |     3 ||     3
 Stab: Distracted        |       |       |     1 ||     1
  Eat: Chunk             |     1 |     5 |    14 ||    20
       Bread ration      |     1 |       |     1 ||     2
       Fruit             |       |       |     2 ||     2
Armor: Animal skin       |    13 |       |       ||    13
       Ring mail         |    24 |    13 |    19 ||    56
       Chain mail        |       |       |   135 ||   135
Dodge: Dodged            |   104 |    49 |   219 ||   372
       Rpst.: Falchion   |    26 |       |       ||    26
       Long sword        |    17 |    21 |    52 ||    90
       Scimitar          |       |       |    12 ||    12
       Great sword       |       |       |     8 ||     8
